 Dungeon Crawl Stone Soup version 0.20.1-1-g8b1a95d (webtiles) character file.

65 n0claF the Caller (level 3, -2/19 HPs)
             Began as a Deep Elf Summoner on Oct 27, 2017.
             Was an Initiate of Ru.
             Slain by an orc wizard
             ... wielding a +0 spear
              (5 damage)
             ... on level 3 of the Dungeon.
             The game lasted 00:13:45 (2895 turns).

n0claF the Caller (Deep Elf Summoner)               Turns: 2895, Time: 00:13:45

Health: -2/19      AC:  2    Str:  3 (5)  XL:     3   Next: 94%
Magic:  1/10       EV: 12    Int: 17 (20) God:    Ru [......]
Gold:   171        SH:  0    Dex: 12 (15) Spells: 1/10 levels left

rFire    + . .     SeeInvis .   (no weapon)
rCold    . . .     Gourm    .   (no shield)
rNeg     . . .     Faith    .   a - +0 robe
rPois    .         Spirit   .   (no helmet)
rElec    .         Reflect  .   (no cloak)
rCorr    .         Harm     .   (no gloves)
MR       .....                  (no boots)
Stlth    ++........             (no amulet)
Regen    0.1/turn               l - ring of protection from fire
MPRegen  0.2/turn               (no ring)

@: flying
A: no striking features
a: Renounce Religion


You were on level 3 of the Dungeon.
You worshipped Ru.
Ru was noncommittal.
You were hungry.

You visited 1 branch of the dungeon, and saw 3 of its levels.

You collected 171 gold pieces.

Inventory:

Armour
 a - a +0 robe (worn)
Jewellery
 l - a ring of protection from fire (left hand)
Scrolls
 d - a scroll of fear {unknown}
 e - 3 scrolls of teleportation {unknown}
 i - a scroll of remove curse {unknown}
 m - a scroll of identify {unknown}
Potions
 f - a potion of degeneration
 k - 2 potions of ambrosia {unknown}
 o - 2 potions of might {unknown}
Books
 b - a book of Callings

   Spells                             Type                      Level
   a - Summon Small Mammal            Summoning                    1
   b - Call Imp                       Summoning                    2
   c - Call Canine Familiar           Summoning                    3
   d - Summon Guardian Golem          Hexes/Summoning              3
   e - Summon Lightning Spire         Summoning/Air                4
   f - Summon Ice Beast               Ice/Summoning                4
 h - a book of Changes

   Spells                             Type                      Level
   a - Beastly Appendage              Transmutation                1
   b - Sticks to Snakes               Transmutation                2
   c - Spider Form                    Transmutation/Poison         3
   d - Ice Form                       Ice/Transmutation            4
   e - Blade Hands                    Transmutation                5
Comestibles
 c - 2 bread rations
 p - a meat ration


   Skills:
 + Level 0.1 Fighting
 + Level 2.5 Dodging
 + Level 2.5 Stealth
 + Level 4.2 Spellcasting
 + Level 5.4 Summonings


You had one spell level left.
You knew the following spells:

 Your Spells              Type           Power        Failure   Level  Hunger
a - Summon Small Mammal   Summ           ###.         1%          1    None
b - Call Imp              Summ           ###.....     2%          2    ##.....
c - Summon Guardian Gole  Hex/Summ       ##......     16%         3    ###....
d - Call Canine Familiar  Summ           ###.....     4%          3    ###....


Dungeon Overview and Level Annotations

Branches:
Dungeon (3/15)

Altars:
Elyvilon
Qazlal
Ru
Yredelemnul


Message History

You swap places.
The orc wizard completely misses you.
Things that are here:
a club; a leather armour You swap places.
Your white imp hits the orc wizard but does no damage.
The orc wizard hits you from afar with a spear.
* * * LOW HITPOINT WARNING * * *
Things that are here:
a dagger of venom; a robe Your white imp closely misses the orc wizard.
The orc wizard gestures at you while chanting.
The puff of frost hits your white imp.
Your white imp completely resists.
Your white imp gestures at the orc wizard.
The puff of frost hits the orc wizard.
The orc wizard hits you from afar with a spear.
* * * LOW HITPOINT WARNING * * *
Your white imp hits the orc wizard.
Your white imp freezes the orc wizard.
The orc wizard hits you from afar with a spear.
You die...

#..<......######### .
#.......##........# ..
###.......##.....####
..) ...........+.....#
...ยง.######'####.....#
.....######.# #.....#
.....(...##.####.....#
......)()o5h.........#
.....###.##@.........#
... #.########.####
.... $ #.# ###.####
?.... #.# #......#
..... #.# #......#
8...8 #.. +......#
##_## ...
####......####### ...
...#..###.##..#
..###.#..........#


You could see an orc wizard, a friendly hound and a friendly white imp.

Vanquished Creatures
  A bat (D:1)
1 creature vanquished.

Vanquished Creatures (collateral kills)
  An orc wizard (D:3)
  3 adders
  An ooze (D:1)
  2 worms (D:2)
  3 leopard geckos
  3 orcs (D:3)
  A giant cockroach (D:1)
  7 goblins
  4 hobgoblins
  3 jackals (D:2)
  3 kobolds
  2 ball pythons (D:1)
  3 bats (D:1)
  3 frilled lizards
  4 rats
43 creatures vanquished.

Grand Total: 44 creatures vanquished

Notes
Turn   | Place    | Note
-------+----------+-------------------------------------------
     0 | D:1      | n0claF the Deep Elf Summoner began the quest for the Orb.
     0 | D:1      | Reached XP level 1. HP: 10/10 MP: 6/6
   448 | D:1      | Reached XP level 2. HP: 15/15 MP: 5/8
   519 | D:1      | Learned a level 2 spell: Call Imp
  1502 | D:2      | Reached skill level 5 in Summonings
  1548 | D:2      | Reached XP level 3. HP: 18/19 MP: 8/10
  1553 | D:2      | Learned a level 3 spell: Summon Guardian Golem
  1557 | D:2      | Learned a level 3 spell: Call Canine Familiar
  2587 | D:2      | Found a white marble altar of Elyvilon.
  2590 | D:2      | Found a sacrificial altar of Ru.
  2594 | D:2      | Became a worshipper of Ru the Awakened
  2668 | D:3      | Found a basalt altar of Yredelemnul.
  2676 | D:3      | Found a stormy altar of Qazlal.
  2895 | D:3      | Slain by an orc wizard

Skill      XL: |  1  2  3 |
---------------+----------+-----
Summonings     | 5 |  5.4
Spellcasting   | 4 |  4.2
Fighting       | |  0.1
Dodging        | |  2.5
Stealth        | |  2.5

Action                   || total
-------------------------++-------
Melee: Unarmed           ||    10
 Cast: Summon Small Mamm ||    17
       Call Imp          ||    28
       Call Canine Famil ||     6
       Summon Guardian G ||     3
  Use: Potion            ||     3
  Eat: Fruit             ||     1
       Chunk             ||     1
       Meat ration       ||     1
Armor: Robe              ||    12
Dodge: Dodged            ||    40
